 Dungeon Crawl Stone Soup version 0.26.1-11-gd32895ea62 (webtiles) character file.

Game seed: 2329322117575922548

86 Almogavar the Chopper (level 4, -2/40 HPs)
             Began as a Hill Orc Fighter on June 11, 2021.
             Killed by nerve-wracking pain
             ... invoked by an orc priest
              (7 damage)
             ... on level 3 of the Dungeon.
             The game lasted 00:05:18 (2012 turns).

Almogavar the Chopper (Hill Orc Fighter)            Turns: 2012, Time: 00:05:18

Health: -2/40      AC:  6    Str: 19    XL:     4   Next: 50%
Magic:  4/4        EV:  8    Int:  8    God:
Gold:   137        SH:  9    Dex: 10    Spells: 3/3 levels left

rFire    . . .     SeeInvis .   a - +0 war axe
rCold    . . .     Faith    .   c - +0 kite shield
rNeg     . . .     Spirit   .   q - +1 ring mail {rPois}
rPois    +         Reflect  .   (no helmet)
rElec    .         Harm     .   (no cloak)
rCorr    .         Rampage  .   (no gloves)
Will     .....                  (no boots)
Stlth    +.........             (no amulet)
HPRegen  0.13/turn              h - ring of stealth
MPRegen  0.09/turn              (no ring)

@: slowed, very slow
A: no striking features
a: Convert to Beogh


You were on level 3 of the Dungeon.
You visited 1 branch of the dungeon, and saw 3 of its levels.

You collected 137 gold pieces.

Inventory:

Hand Weapons
 a - a +0 war axe (weapon)
Missiles
 f - 85 stones (quivered)
 m - 24 sling bullets
 o - 40 bolts
Armour
 c - a +0 kite shield (worn)
 q - a +1 ring mail of poison resistance (worn)
Jewellery
 h - a ring of stealth (left hand)
Wands
 b - a wand of digging (6)
Scrolls
 e - a scroll of fear
 g - a scroll of teleportation
 i - 2 scrolls of remove curse
 j - a scroll of identify
 k - 2 scrolls of magic mapping
Potions
 d - a potion of might
 l - 4 potions of curing
 p - a potion of haste
 r - a potion of flight
 s - a potion of lignification


   Skills:
 + Level 4.1 Fighting
 + Level 4.3 Axes
 + Level 3.8 Armour
 + Level 0.3 Dodging
 + Level 0.1 Stealth
 + Level 3.9 Shields


You had 3 spell levels left.
You didn't know any spells.
Your spell library contained the following spells:

 Spells                   Type           Power        Failure   Level
 Magic Dart               Conj           0%           97%         1
 Searing Ray              Conj           0%           99%         2
 Dazzling Flash           Conj/Hex       0%           100%        3
 Fulminant Prism          Conj/Hex       0%           100%        4
 Iskenderun's Mystic Bla  Conj/Tloc      0%           100%        4


Dungeon Overview and Level Annotations

Branches:
Dungeon (3/15)

Altars:
Wu Jian

Annotations:
D:3 Natasha


Message History

The orc wizard points at you and mumbles some strange words.
The puff of frost misses you. You block Natasha's attack.
The crimson imp blinks!
The orc priest calls upon Beogh to heal the orc wizard.
The orc wizard is healed somewhat.
You block the goblin's attack.
The orc wizard points at you and mumbles some strange words.
The puff of frost hits you.
* * * LOW HITPOINT WARNING * * *
Natasha mewls in sadness.
You block Natasha's attack.
You closely miss the orc wizard.
The orc wizard is heavily wounded.
You hit the goblin.
You kill the goblin!
You hit Natasha.
The orc wizard hits you with a +0 dagger.
* * * LOW HITPOINT WARNING * * *
The orc priest calls down the wrath of Beogh upon you.
Pain shoots through your body!
You die... ... .## .# .# .# .# .# # .# 5#.# .# 5#.# ### Ko.

..###############h###..#
................@)og...#
..###.###########o###..#
### #)# b# ## #.# .# )#
#.# .. .# #.# ## .# #.#
#####.# ......#


You could see an iron imp (summoned), an orc priest, an orc wizard (fast),
Natasha, a crimson imp (summoned), an orc, a goblin, a bat and a kobold.

Vanquished Creatures
  2 adders (D:2)
  3 dart slugs
  2 orcs (D:3)
  5 giant cockroaches
  5 goblins
  6 hobgoblins
  10 jackals
  3 quokkas
  2 ball pythons
  5 bats
  2 frilled lizards (D:3)
  4 kobolds
  7 rats
56 creatures vanquished.

Notes
Turn   | Place    | Note
-------+----------+-------------------------------------------
     0 | D:1      | Almogavar the Hill Orc Fighter began the quest for the Orb.
     0 | D:1      | Reached XP level 1. HP: 19/19 MP: 1/1
   113 | D:1      | Reached XP level 2. HP: 27/27 MP: 2/2
   480 | D:1      | Reached XP level 3. HP: 29/33 MP: 3/3
  1372 | D:2      | Reached XP level 4. HP: 38/40 MP: 4/4
  1450 | D:2      | Found an ornate altar of the Wu Jian Council.
  2000 | D:3      | Noticed Natasha
  2012 | D:3      | Killed from afar by an orc priest

Illustrated notes

Levels and vault maps discovered:
D:1:      dpeg_arrival_solitude, layout_basic
D:2:      layout_loops_ring, lemuel_crystal_altar, columned_hall_lemuel,
          supply_closet_lemuel
D:3:      layout_basic, uniq_natasha

Skill      XL: |  1  2  3 |
---------------+----------+-----
Axes           | 3 4 |  4.3
Fighting       | 4 |  4.1
Armour         | |  3.8
Dodging        | |  0.3
Stealth        | |  0.1
Shields        | |  3.9

Action                   |  1- 3 |  4- 6 || total
-------------------------+-------+-------++-------
Melee: War axe           |   105 |    62 ||   167
  Use: Scroll            |     2 |     8 ||    10
Armor: Scale mail        |    46 |    14 ||    60
       Ring mail         |       |    16 ||    16
Dodge: Dodged            |    34 |    32 ||    66
Block: Kite shield       |    51 |    39 ||    90
